AoeStats
← riskybusiness69

Arabia

510423804Analyzed
1v1 RM · 2d ago on Sep 30, 2026· 19m 50s· 2 players
Game mode
Random Map
Map size
Tiny (2 player)
Population
200
Speed
Normal
Resources
Standard
Victory
Conquest
Starting age
Dark Age
Ending age
Imperial Age
RankedLock teamsTeams togetherTeam positionsShared explorationLock speedFull tech treeHidden civsTurbo modeCheats
Victory
Defeat
🇨🇱 Goths · Chile
630
+15
🇺🇸 Cumans · United States
598
-30
riskybusiness69
10:28 Feudal Age
10:54 Double-Bit Axe
15:59 Wheelbarrow
16:35 Horse Collar
RaudalAtrevido
9:36 Feudal Age
10:23 Horse Collar
13:19 Double-Bit Axe
15:14 Man-at-Arms
16:40 Forging
17:02 Scale Mail Armor
Connection lost

Rejoining the realm…

Still unreachable

The connection could not be restored.

Session expired

The server has moved on; the page needs a fresh start.